[ AOE2 MATCH · #478967749 ]
UnrankedBulgarians vs Shu
[ REPLAY ANALYSIS · EXTRACTED FROM THE RECORDED GAME ]
Feudal
11:47
Castle
23:12
Imperial
—
| APM avg | 33.5 |
| APM peak | 63 |
| eAPM avg | 14.0 |
| Villagers / military | 44 / 30 |
Focus
⚔️ 30.9% · 🌾 69.1%
Skirmisher ×18 · Spearman ×9 · Militia ×3
Feudal
13:21
Castle
16:51
Imperial
—
| APM avg | 52.9 |
| APM peak | 101 |
| eAPM avg | 27.3 |
| Villagers / military | 56 / 5 |
Focus
⚔️ 42.5% · 🌾 57.5%
Monk ×4 · Unknown (1962) ×4 · Mangonel ×1
Feudal
14:48
Castle
18:43
Imperial
—
| APM avg | 49.9 |
| APM peak | 123 |
| eAPM avg | 32.9 |
| Villagers / military | 67 / 14 |
Focus
⚔️ 50.2% · 🌾 49.8%
Fishing Ship ×16 · Scout Cavalry ×10 · Monk ×3 · Mangonel ×1
Feudal
14:48
Castle
18:03
Imperial
—
| APM avg | 30.4 |
| APM peak | 78 |
| eAPM avg | 18.2 |
| Villagers / military | 50 / 2 |
Focus
⚔️ 28.6% · 🌾 71.4%
Mangonel ×1 · Scorpion ×1
Feudal
13:19
Castle
17:01
Imperial
—
| APM avg | 56.3 |
| APM peak | 94 |
| eAPM avg | 21.8 |
| Villagers / military | 67 / 43 |
Focus
⚔️ 40.7% · 🌾 59.3%
Cavalry Archer ×41 · Archer ×1 · Spearman ×1
Feudal
11:58
Castle
—
Imperial
—
| APM avg | 61.3 |
| APM peak | 103 |
| eAPM avg | 25.5 |
| Villagers / military | 55 / 51 |
Focus
⚔️ 38.0% · 🌾 62.0%
Archer ×36 · Scout Cavalry ×12 · Militia ×2 · Spearman ×1
Feudal
13:34
Castle
18:36
Imperial
—
| APM avg | 37.0 |
| APM peak | 86 |
| eAPM avg | 18.2 |
| Villagers / military | 36 / 8 |
Focus
⚔️ 40.9% · 🌾 59.1%
Rattan Archer ×8
Feudal
13:46
Castle
17:18
Imperial
—
| APM avg | 39.5 |
| APM peak | 77 |
| eAPM avg | 20.1 |
| Villagers / military | 62 / 9 |
Focus
⚔️ 23.9% · 🌾 76.1%
Knight ×5 · Battering Ram ×2 · Mangonel ×1 · Scout Cavalry ×1
Match map
Initial resources + every placement click. Lines = walls · curves = elevation contours. ◆ gold · ⬟ stone · ● berries · ✦ relic · ◌ wall gap
Your base· Open — unwalled flank
体育牲's base· Open — unwalled flank
BSL | Dr.Kozmonot's base· Open — 1t gap
Fish's base· Open — 14t gap
ツ Xuma's base· Open — unwalled flank
Zni.Chaos's base· Open — unwalled flank
BombacıMülayim's base· ✓ Closed at 18:36 · 32t walls · no gate
弟弟已经是彻底崩溃's base· Open — 5t gap
Smoothed initial terrain · ◌ = detected wall gap · hover for details
Inputs per minute
— rono - - 体育牲
Build order — rono
119 actions detected in the replay
| 0:04 | Build | Town Center |
| 2:32 | Create | Villager (Male) |
| 2:32 | Create | Villager (Male) |
| 2:34 | Build | House |
| 2:41 | Create | Villager (Male) |
| 2:41 | Create | Villager (Male) |
| 2:41 | Create | Villager (Male) |
| 2:58 | Build | House |
| 3:43 | Build | House |
| 3:50 | Create | Villager (Male) |
| 3:51 | Create | Villager (Male) |
| 3:58 | Build | House |
| 4:19 | Create | Villager (Male) |
| 4:42 | Build | Lumber Camp |
| 4:51 | Create | Villager (Male) |
| 4:51 | Create | Villager (Male) |
| 5:31 | Build | House |
| 5:44 | Create | Villager (Male) |
| 5:44 | Create | Villager (Male) |
| 6:13 | Create | Villager (Male) |
| 6:13 | Create | Villager (Male) |
| 6:26 | Build | House |
| 7:12 | Create | Villager (Male) |
| 7:40 | Create | Villager (Male) |
| 8:12 | Create | Villager (Male) |
| 8:16 | Build | Barracks |
| 8:46 | Create | Villager (Male) |
| 8:50 | Build | House |
| 8:53 | Research | Loom |
| 9:31 | Research | Feudal Age |
| 9:43 | Create | Militia |
| 9:45 | Build | House |
| 9:47 | Build | House |
| 9:53 | Create | Militia |
| 10:18 | Create | Militia |
| 10:33 | Build | Mill |
| 11:19 | Create | Villager (Male) |
| 11:40 | Create | Villager (Male) |
| 11:47 | Age | Feudal Age |
| 11:52 | Build | Archery Range |
| 12:13 | Create | Villager (Male) |
| 12:23 | Research | Double-Bit Axe |
| 12:39 | Create | Villager (Male) |
| 12:40 | Create | Skirmisher |
| 12:42 | Build | House |
| 12:50 | Create | Skirmisher |
| 12:52 | Create | Villager (Male) |
| 13:01 | Research | Horse Collar |
| 13:04 | Create | Villager (Male) |
| 13:10 | Create | Villager (Male) |
| 13:12 | Build | House |
| 13:16 | Create | Skirmisher |
| 13:34 | Create | Skirmisher |
| 13:55 | Build | Farm |
| 13:56 | Build | Farm |
| 13:57 | Build | Farm |
| 14:02 | Build | House |
| 14:22 | Create | Skirmisher |
| 14:24 | Create | Villager (Male) |
| 14:27 | Build | Farm |
| 14:39 | Build | House |
| 14:40 | Create | Villager (Male) |
| 14:53 | Create | Villager (Male) |
| 15:19 | Build | Blacksmith |
| 15:28 | Create | Villager (Male) |
| 15:40 | Create | Skirmisher |
| 15:54 | Build | Farm |
| 16:00 | Create | Villager (Male) |
| 16:04 | Research | Fletching |
| 16:07 | Build | Farm |
| 16:11 | Create | Villager (Male) |
| 16:18 | Build | House |
| 16:24 | Build | Farm |
| 16:46 | Create | Skirmisher |
| 17:06 | Create | Villager (Male) |
| 17:11 | Build | Farm |
| 17:12 | Build | Farm |
| 17:23 | Create | Villager (Male) |
| 17:35 | Build | Mining Camp |
| 17:44 | Create | Spearman |
| 17:54 | Create | Villager (Male) |
| 18:06 | Build | Mining Camp |
| 18:19 | Create | Villager (Male) |
| 18:24 | Create | Spearman |
| 18:25 | Create | Villager (Male) |
| 18:39 | Create | Skirmisher |
| 18:55 | Create | Skirmisher |
| 18:57 | Create | Villager (Male) |
| 19:22 | Create | Villager (Male) |
| 19:43 | Create | Villager (Male) |
| 20:10 | Create | Villager (Male) |
| 20:24 | Research | Castle Age |
| 21:14 | Create | Skirmisher |
| 21:14 | Create | Skirmisher |
| 21:27 | Create | Spearman |
| 21:27 | Create | Spearman |
| 21:35 | Research | Gold Mining |
| 21:43 | Build | Barracks |
| 21:53 | Create | Spearman |
| 22:17 | Create | Spearman |
| 22:33 | Create | Spearman |
| 22:39 | Create | Skirmisher |
| 22:40 | Create | Skirmisher |
| 22:51 | Create | Spearman |
| 23:03 | Build | Farm |
| 23:12 | Age | Castle Age |
| 23:22 | Create | Villager (Male) |
| 23:26 | Create | Villager (Male) |
| 23:29 | Create | Spearman |
| 23:32 | Create | Skirmisher |
| 23:35 | Research | Bodkin Arrow |
| 23:49 | Create | Skirmisher |
| 23:57 | Create | Skirmisher |
| 24:03 | Create | Villager (Male) |
| 24:08 | Build | Town Center |
| 24:19 | Create | Skirmisher |
| 24:20 | Create | Villager (Male) |
| 24:29 | Create | Skirmisher |
| 24:42 | Build | Town Center |
Build order — 体育牲
134 actions detected in the replay
| 0:33 | Build | Town Center |
| 1:02 | Build | House |
| 2:50 | Create | Villager (Male) |
| 2:51 | Create | Villager (Male) |
| 2:51 | Create | Villager (Male) |
| 2:51 | Create | Villager (Male) |
| 2:51 | Create | Villager (Male) |
| 3:47 | Create | Villager (Male) |
| 3:47 | Create | Villager (Male) |
| 3:51 | Build | Palisade Wall |
| 4:03 | Build | Palisade Wall |
| 4:30 | Create | Villager (Male) |
| 4:31 | Create | Villager (Male) |
| 4:38 | Build | House |
| 4:41 | Build | House |
| 4:43 | Build | House |
| 4:47 | Create | Villager (Male) |
| 4:48 | Create | Villager (Male) |
| 5:07 | Create | Villager (Male) |
| 5:07 | Create | Villager (Male) |
| 5:18 | Build | Lumber Camp |
| 5:34 | Create | Villager (Male) |
| 5:34 | Create | Villager (Male) |
| 5:37 | Build | Palisade Wall |
| 5:40 | Build | Palisade Wall |
| 6:12 | Create | Villager (Male) |
| 6:18 | Build | Palisade Wall |
| 6:44 | Create | Villager (Male) |
| 7:01 | Build | Palisade Wall |
| 7:14 | Create | Villager (Male) |
| 7:30 | Build | House |
| 7:32 | Build | Palisade Wall |
| 7:42 | Build | House |
| 7:47 | Create | Villager (Male) |
| 7:57 | Build | Mining Camp |
| 8:02 | Build | Palisade Wall |
| 8:09 | Create | Villager (Male) |
| 8:25 | Create | Villager (Male) |
| 8:43 | Create | Villager (Male) |
| 9:11 | Build | Mill |
| 9:18 | Create | Villager (Male) |
| 9:44 | Create | Villager (Male) |
| 10:02 | Create | Villager (Male) |
| 10:23 | Build | House |
| 10:25 | Build | Palisade Wall |
| 10:43 | Research | Loom |
| 11:06 | Research | Feudal Age |
| 11:06 | Research | Feudal Age |
| 11:40 | Build | Palisade Wall |
| 11:45 | Create | Villager (Male) |
| 13:21 | Age | Feudal Age |
| 13:22 | Build | Market |
| 13:23 | Build | Blacksmith |
| 13:30 | Research | Double-Bit Axe |
| 13:30 | Research | Double-Bit Axe |
| 13:34 | Research | Town Watch |
| 13:34 | Research | Town Watch |
| 13:41 | Create | Villager (Male) |
| 14:11 | Research | Castle Age |
| 14:11 | Research | Castle Age |
| 14:11 | Research | Castle Age |
| 14:27 | Build | House |
| 14:40 | Create | Villager (Male) |
| 16:51 | Age | Castle Age |
| 16:54 | Build | Siege Workshop |
| 16:56 | Create | Villager (Male) |
| 17:13 | Build | Town Center |
| 17:20 | Create | Unit 1962 |
| 17:21 | Create | Unit 1962 |
| 17:24 | Research | Bow Saw |
| 17:24 | Research | Bow Saw |
| 17:25 | Research | Town Watch |
| 17:25 | Create | Villager (Male) |
| 17:48 | Create | Villager (Male) |
| 17:51 | Create | Unit 1962 |
| 18:05 | Build | Monastery |
| 18:24 | Create | Villager (Male) |
| 18:42 | Create | Villager (Male) |
| 19:00 | Create | Monk |
| 19:01 | Create | Mangonel |
| 19:15 | Create | Villager (Male) |
| 19:16 | Create | Villager (Male) |
| 19:20 | Build | House |
| 19:24 | Create | Villager (Male) |
| 19:28 | Build | Palisade Wall |
| 19:30 | Build | Palisade Wall |
| 19:31 | Build | Palisade Wall |
| 19:32 | Build | Palisade Wall |
| 19:35 | Create | Villager (Male) |
| 19:36 | Build | House |
| 19:39 | Build | House |
| 19:40 | Build | Palisade Wall |
| 19:56 | Create | Unit 1962 |
| 20:14 | Create | Villager (Male) |
| 20:14 | Create | Villager (Male) |
| 20:24 | Build | Farm |
| 20:31 | Create | Monk |
| 20:38 | Create | Villager (Male) |
| 20:38 | Create | Villager (Male) |
| 20:46 | Create | Villager (Male) |
| 20:47 | Create | Villager (Male) |
| 20:49 | Build | Farm |
| 20:50 | Build | Farm |
| 20:51 | Build | Farm |
| 20:51 | Create | Villager (Male) |
| 20:53 | Create | Villager (Male) |
| 21:17 | Create | Villager (Male) |
| 21:32 | Build | Town Center |
| 21:39 | Create | Villager (Male) |
| 21:39 | Create | Villager (Male) |
| 21:52 | Create | Villager (Male) |
| 21:54 | Research | Horse Collar |
| 21:54 | Research | Horse Collar |
| 21:58 | Build | Farm |
| 22:00 | Build | House |
| 22:01 | Build | House |
| 22:02 | Build | House |
| 22:03 | Build | House |
| 22:03 | Build | House |
| 22:04 | Build | Palisade Wall |
| 22:06 | Create | Villager (Male) |
| 22:09 | Build | Lumber Camp |
| 22:11 | Create | Villager (Male) |
| 22:11 | Create | Villager (Male) |
| 22:25 | Create | Villager (Male) |
| 22:29 | Create | Monk |
| 22:46 | Create | Villager (Male) |
| 22:46 | Create | Villager (Male) |
| 22:52 | Create | Monk |
| 22:55 | Build | Farm |
| 23:08 | Create | Villager (Male) |
| 23:15 | Build | Farm |
| 23:16 | Build | Farm |
| 23:29 | Build | Farm |
Build order — BSL | Dr.Kozmonot
First 150 of 173 actions detected
| 0:21 | Build | Town Center |
| 2:34 | Create | Villager (Male) |
| 2:34 | Create | Villager (Male) |
| 2:35 | Create | Villager (Male) |
| 2:35 | Create | Villager (Male) |
| 2:35 | Create | Villager (Male) |
| 2:50 | Build | House |
| 3:41 | Create | Villager (Male) |
| 4:16 | Build | Lumber Camp |
| 4:18 | Create | Villager (Male) |
| 4:48 | Build | House |
| 4:50 | Create | Villager (Male) |
| 4:50 | Create | Villager (Male) |
| 4:52 | Build | House |
| 5:12 | Create | Villager (Male) |
| 5:49 | Create | Villager (Male) |
| 5:49 | Create | Villager (Male) |
| 6:11 | Build | House |
| 6:18 | Create | Villager (Male) |
| 6:18 | Create | Villager (Male) |
| 6:30 | Create | Villager (Male) |
| 6:54 | Create | Villager (Male) |
| 6:54 | Create | Villager (Male) |
| 7:01 | Build | Dock |
| 7:10 | Build | House |
| 7:36 | Create | Villager (Male) |
| 7:47 | Create | Fishing Ship |
| 7:47 | Create | Fishing Ship |
| 7:51 | Create | Villager (Male) |
| 7:52 | Create | Villager (Male) |
| 8:02 | Build | House |
| 8:13 | Create | Villager (Male) |
| 8:27 | Create | Fishing Ship |
| 8:34 | Build | House |
| 8:39 | Create | Villager (Male) |
| 8:39 | Create | Villager (Male) |
| 8:51 | Create | Fishing Ship |
| 8:56 | Create | Villager (Male) |
| 9:16 | Build | House |
| 9:17 | Build | Palisade Wall |
| 9:21 | Create | Villager (Male) |
| 9:31 | Create | Villager (Male) |
| 9:33 | Create | Fishing Ship |
| 9:54 | Build | Palisade Wall |
| 9:56 | Build | House |
| 10:10 | Create | Villager (Male) |
| 10:21 | Create | Fishing Ship |
| 10:48 | Create | Villager (Male) |
| 10:49 | Build | House |
| 10:51 | Create | Villager (Male) |
| 10:58 | Create | Villager (Male) |
| 11:00 | Create | Fishing Ship |
| 11:04 | Create | Villager (Male) |
| 11:17 | Research | Loom |
| 11:19 | Build | House |
| 11:41 | Build | Dock |
| 11:48 | Create | Villager (Male) |
| 12:01 | Build | Mining Camp |
| 12:02 | Create | Villager (Male) |
| 12:06 | Build | House |
| 12:26 | Create | Fishing Ship |
| 12:34 | Research | Feudal Age |
| 12:34 | Research | Feudal Age |
| 12:41 | Build | House |
| 12:47 | Build | House |
| 12:49 | Build | Palisade Wall |
| 12:50 | Build | Palisade Wall |
| 13:15 | Build | Palisade Wall |
| 13:17 | Build | Barracks |
| 13:34 | Create | Fishing Ship |
| 14:26 | Build | Palisade Wall |
| 14:26 | Build | Palisade Wall |
| 14:31 | Create | Fishing Ship |
| 14:34 | Create | Fishing Ship |
| 14:35 | Create | Villager (Male) |
| 14:44 | Build | Palisade Wall |
| 14:44 | Build | Palisade Wall |
| 14:48 | Age | Feudal Age |
| 14:52 | Build | Stable |
| 15:02 | Create | Villager (Male) |
| 15:07 | Build | Blacksmith |
| 15:25 | Build | Palisade Gate |
| 15:26 | Build | Palisade Wall |
| 15:37 | Create | Villager (Male) |
| 15:39 | Create | Fishing Ship |
| 15:45 | Build | House |
| 15:47 | Build | House |
| 15:58 | Research | Castle Age |
| 15:59 | Research | Castle Age |
| 16:06 | Build | Fish Trap |
| 16:16 | Create | Scout Cavalry |
| 16:28 | Build | Fish Trap |
| 16:45 | Create | Scout Cavalry |
| 16:48 | Build | House |
| 16:48 | Build | House |
| 16:57 | Create | Scout Cavalry |
| 17:19 | Create | Scout Cavalry |
| 17:32 | Build | Fish Trap |
| 17:45 | Build | Fish Trap |
| 17:46 | Create | Villager (Male) |
| 18:04 | Build | House |
| 18:06 | Build | House |
| 18:14 | Build | Fish Trap |
| 18:38 | Create | Villager (Male) |
| 18:42 | Build | Fish Trap |
| 18:43 | Age | Castle Age |
| 18:57 | Research | Light Cavalry (upgrade) |
| 18:57 | Research | Light Cavalry (upgrade) |
| 18:59 | Create | Villager (Male) |
| 19:01 | Build | Monastery |
| 19:05 | Build | Town Center |
| 19:10 | Create | Villager (Male) |
| 19:39 | Create | Villager (Male) |
| 19:41 | Create | Fishing Ship |
| 19:45 | Create | Fishing Ship |
| 19:48 | Create | Monk |
| 19:51 | Create | Villager (Male) |
| 20:02 | Create | Villager (Male) |
| 20:17 | Create | Fishing Ship |
| 20:19 | Create | Villager (Male) |
| 20:27 | Create | Villager (Male) |
| 20:35 | Create | Villager (Male) |
| 20:43 | Build | Fish Trap |
| 20:52 | Create | Monk |
| 20:56 | Create | Scout Cavalry |
| 21:01 | Build | Town Center |
| 21:03 | Create | Villager (Male) |
| 21:05 | Create | Villager (Male) |
| 21:09 | Build | Mining Camp |
| 21:14 | Research | Tech 906 |
| 21:14 | Research | Tech 906 |
| 21:15 | Create | Villager (Male) |
| 21:18 | Create | Scout Cavalry |
| 21:34 | Create | Scout Cavalry |
| 21:44 | Create | Scout Cavalry |
| 21:48 | Create | Villager (Male) |
| 21:50 | Create | Villager (Male) |
| 22:11 | Build | Fish Trap |
| 22:14 | Build | Fish Trap |
| 22:16 | Build | Fish Trap |
| 22:17 | Create | Villager (Male) |
| 22:41 | Create | Villager (Male) |
| 22:41 | Create | Scout Cavalry |
| 22:48 | Create | Villager (Male) |
| 22:54 | Create | Monk |
| 22:58 | Build | Monastery |
| 23:06 | Create | Villager (Male) |
| 23:08 | Build | Siege Workshop |
| 23:22 | Create | Scout Cavalry |
| 23:24 | Create | Villager (Male) |
Build order — Fish
100 actions detected in the replay
| 0:57 | Build | Town Center |
| 2:48 | Build | House |
| 3:09 | Create | Villager (Male) |
| 3:10 | Create | Villager (Male) |
| 3:10 | Create | Villager (Male) |
| 3:51 | Create | Villager (Male) |
| 4:08 | Build | Lumber Camp |
| 4:40 | Create | Villager (Male) |
| 4:59 | Build | House |
| 5:02 | Create | Villager (Male) |
| 5:29 | Create | Villager (Male) |
| 5:42 | Build | Mill |
| 5:59 | Create | Villager (Male) |
| 6:32 | Create | Villager (Male) |
| 6:33 | Create | Villager (Male) |
| 6:46 | Build | House |
| 7:06 | Create | Villager (Male) |
| 7:22 | Create | Villager (Male) |
| 7:23 | Create | Villager (Male) |
| 7:26 | Build | Mill |
| 7:44 | Create | Villager (Male) |
| 8:05 | Create | Villager (Male) |
| 8:36 | Create | Villager (Male) |
| 8:42 | Build | House |
| 8:58 | Create | Villager (Male) |
| 9:13 | Create | Villager (Male) |
| 9:21 | Build | Mill |
| 9:39 | Create | Villager (Male) |
| 10:16 | Create | Villager (Male) |
| 10:27 | Create | Villager (Male) |
| 11:16 | Create | Villager (Male) |
| 11:28 | Build | House |
| 11:30 | Create | Villager (Male) |
| 11:44 | Build | Mining Camp |
| 12:08 | Research | Feudal Age |
| 12:10 | Research | Loom |
| 12:38 | Research | Feudal Age |
| 12:40 | Build | Mining Camp |
| 14:47 | Create | Villager (Male) |
| 14:48 | Age | Feudal Age |
| 14:49 | Build | Market |
| 14:53 | Build | Blacksmith |
| 14:59 | Research | Double-Bit Axe |
| 14:59 | Research | Double-Bit Axe |
| 15:03 | Create | Villager (Male) |
| 15:21 | Research | Castle Age |
| 15:21 | Research | Castle Age |
| 15:46 | Research | Horse Collar |
| 16:52 | Build | Watch Tower |
| 16:54 | Build | Watch Tower |
| 18:03 | Age | Castle Age |
| 18:06 | Research | Town Watch |
| 18:07 | Research | Bow Saw |
| 18:07 | Research | Bow Saw |
| 18:28 | Build | Town Center |
| 18:33 | Create | Villager (Male) |
| 18:38 | Create | Villager (Male) |
| 19:14 | Create | Villager (Male) |
| 19:41 | Create | Villager (Male) |
| 19:58 | Create | Villager (Male) |
| 20:05 | Create | Villager (Male) |
| 20:16 | Build | Farm |
| 20:17 | Build | Farm |
| 20:17 | Build | Farm |
| 20:22 | Create | Villager (Male) |
| 21:16 | Create | Villager (Male) |
| 21:16 | Create | Villager (Male) |
| 21:18 | Create | Villager (Male) |
| 21:28 | Build | Town Center |
| 21:30 | Create | Villager (Male) |
| 21:45 | Build | House |
| 21:47 | Build | Farm |
| 21:48 | Build | Farm |
| 21:49 | Build | Farm |
| 21:51 | Create | Villager (Male) |
| 21:59 | Build | House |
| 22:00 | Build | House |
| 22:07 | Create | Villager (Male) |
| 22:23 | Create | Villager (Male) |
| 22:40 | Research | Wheelbarrow |
| 22:52 | Build | Castle |
| 22:57 | Create | Villager (Male) |
| 22:58 | Create | Villager (Male) |
| 23:12 | Build | House |
| 23:14 | Create | Villager (Male) |
| 23:17 | Create | Villager (Male) |
| 23:23 | Build | Siege Workshop |
| 23:26 | Create | Villager (Male) |
| 23:33 | Build | Farm |
| 23:35 | Build | Farm |
| 23:42 | Build | Mining Camp |
| 23:43 | Create | Villager (Male) |
| 23:50 | Create | Scorpion |
| 24:06 | Create | Villager (Male) |
| 24:08 | Create | Villager (Male) |
| 24:08 | Create | Villager (Male) |
| 24:18 | Create | Villager (Male) |
| 24:30 | Create | Villager (Male) |
| 24:32 | Create | Mangonel |
| 24:43 | Build | House |
Build order — ツ Xuma
First 150 of 164 actions detected
| 0:14 | Build | Town Center |
| 2:46 | Build | House |
| 2:48 | Create | Villager (Male) |
| 2:48 | Create | Villager (Male) |
| 2:49 | Create | Villager (Male) |
| 2:49 | Create | Villager (Male) |
| 3:41 | Create | Villager (Male) |
| 3:41 | Create | Villager (Male) |
| 4:11 | Build | House |
| 4:37 | Create | Villager (Male) |
| 4:37 | Create | Villager (Male) |
| 5:11 | Create | Villager (Male) |
| 5:11 | Create | Villager (Male) |
| 5:12 | Create | Villager (Male) |
| 5:21 | Build | Lumber Camp |
| 5:55 | Create | Villager (Male) |
| 5:55 | Create | Villager (Male) |
| 5:56 | Create | Villager (Male) |
| 6:00 | Build | House |
| 6:12 | Create | Villager (Male) |
| 6:45 | Build | House |
| 6:46 | Build | House |
| 6:49 | Create | Villager (Male) |
| 6:50 | Create | Villager (Male) |
| 6:59 | Build | Mill |
| 7:01 | Create | Villager (Male) |
| 7:01 | Create | Villager (Male) |
| 7:46 | Build | Mining Camp |
| 7:48 | Create | Villager (Male) |
| 7:48 | Create | Villager (Male) |
| 8:20 | Create | Villager (Male) |
| 8:54 | Create | Villager (Male) |
| 9:28 | Build | House |
| 9:47 | Create | Villager (Male) |
| 9:52 | Build | Barracks |
| 10:31 | Build | House |
| 10:41 | Create | Villager (Male) |
| 11:04 | Build | Palisade Wall |
| 11:07 | Research | Feudal Age |
| 11:07 | Research | Feudal Age |
| 11:37 | Research | Loom |
| 11:37 | Research | Loom |
| 11:50 | Create | Villager (Male) |
| 12:46 | Build | House |
| 13:19 | Age | Feudal Age |
| 13:23 | Build | Archery Range |
| 13:26 | Build | Blacksmith |
| 13:31 | Research | Double-Bit Axe |
| 13:31 | Research | Double-Bit Axe |
| 14:21 | Research | Castle Age |
| 14:21 | Research | Castle Age |
| 14:23 | Create | Spearman |
| 14:34 | Research | Fletching |
| 14:52 | Build | Archery Range |
| 15:01 | Create | Villager (Male) |
| 15:01 | Create | Villager (Male) |
| 15:03 | Create | Archer |
| 15:20 | Build | House |
| 15:22 | Build | Palisade Wall |
| 15:35 | Research | Gold Mining |
| 15:36 | Research | Gold Mining |
| 16:35 | Build | Palisade Gate |
| 16:37 | Build | Palisade Wall |
| 17:01 | Age | Castle Age |
| 17:03 | Create | Cavalry Archer |
| 17:03 | Create | Cavalry Archer |
| 17:28 | Create | Villager (Male) |
| 17:28 | Create | Villager (Male) |
| 17:40 | Create | Cavalry Archer |
| 17:40 | Create | Cavalry Archer |
| 17:48 | Research | Bow Saw |
| 17:48 | Research | Bow Saw |
| 17:50 | Create | Villager (Male) |
| 18:01 | Create | Villager (Male) |
| 18:06 | Build | Town Center |
| 18:21 | Create | Cavalry Archer |
| 18:21 | Create | Cavalry Archer |
| 18:32 | Create | Cavalry Archer |
| 18:32 | Create | Cavalry Archer |
| 18:33 | Create | Cavalry Archer |
| 18:48 | Build | House |
| 18:48 | Build | House |
| 18:52 | Create | Cavalry Archer |
| 18:52 | Create | Cavalry Archer |
| 19:01 | Create | Cavalry Archer |
| 19:08 | Create | Villager (Male) |
| 19:28 | Create | Cavalry Archer |
| 19:38 | Create | Villager (Male) |
| 19:40 | Create | Cavalry Archer |
| 19:40 | Create | Cavalry Archer |
| 19:53 | Create | Villager (Male) |
| 19:56 | Create | Cavalry Archer |
| 19:56 | Create | Cavalry Archer |
| 20:14 | Research | Bodkin Arrow |
| 20:24 | Create | Villager (Male) |
| 20:24 | Create | Villager (Male) |
| 20:28 | Create | Cavalry Archer |
| 20:28 | Create | Cavalry Archer |
| 20:28 | Create | Cavalry Archer |
| 20:32 | Build | House |
| 20:33 | Build | House |
| 20:45 | Create | Villager (Male) |
| 20:45 | Create | Villager (Male) |
| 20:45 | Create | Villager (Male) |
| 20:47 | Build | Farm |
| 20:50 | Create | Cavalry Archer |
| 20:50 | Create | Cavalry Archer |
| 20:57 | Build | Farm |
| 21:14 | Create | Cavalry Archer |
| 21:14 | Create | Cavalry Archer |
| 21:15 | Create | Villager (Male) |
| 21:24 | Build | Farm |
| 21:34 | Create | Villager (Male) |
| 21:34 | Create | Villager (Male) |
| 21:34 | Create | Villager (Male) |
| 21:47 | Create | Villager (Male) |
| 21:47 | Create | Villager (Male) |
| 21:48 | Create | Cavalry Archer |
| 21:48 | Create | Cavalry Archer |
| 21:59 | Build | Farm |
| 22:00 | Build | Farm |
| 22:06 | Create | Cavalry Archer |
| 22:07 | Create | Villager (Male) |
| 22:10 | Build | Farm |
| 22:19 | Create | Villager (Male) |
| 22:20 | Create | Villager (Male) |
| 22:26 | Create | Cavalry Archer |
| 22:31 | Create | Cavalry Archer |
| 22:41 | Research | Horse Collar |
| 22:46 | Build | Farm |
| 22:46 | Create | Villager (Male) |
| 22:46 | Create | Villager (Male) |
| 22:48 | Create | Cavalry Archer |
| 22:49 | Create | Cavalry Archer |
| 22:49 | Create | Cavalry Archer |
| 22:58 | Create | Villager (Male) |
| 22:58 | Create | Villager (Male) |
| 22:58 | Create | Villager (Male) |
| 22:59 | Create | Cavalry Archer |
| 22:59 | Create | Cavalry Archer |
| 23:19 | Create | Cavalry Archer |
| 23:19 | Create | Cavalry Archer |
| 23:20 | Create | Villager (Male) |
| 23:20 | Create | Villager (Male) |
| 23:24 | Create | Villager (Male) |
| 23:24 | Create | Villager (Male) |
| 23:28 | Build | House |
| 23:29 | Build | House |
| 23:33 | Create | Villager (Male) |
| 23:34 | Create | Villager (Male) |
Build order — Zni.Chaos
First 150 of 154 actions detected
| 0:13 | Build | Town Center |
| 2:31 | Build | House |
| 2:42 | Create | Villager (Male) |
| 2:43 | Create | Villager (Male) |
| 2:43 | Create | Villager (Male) |
| 2:43 | Create | Villager (Male) |
| 2:43 | Create | Villager (Male) |
| 4:18 | Create | Villager (Male) |
| 4:18 | Create | Villager (Male) |
| 4:33 | Create | Villager (Male) |
| 4:33 | Create | Villager (Male) |
| 4:51 | Build | House |
| 5:03 | Create | Villager (Male) |
| 5:13 | Create | Villager (Male) |
| 5:13 | Create | Villager (Male) |
| 5:34 | Create | Villager (Male) |
| 5:47 | Build | Lumber Camp |
| 5:58 | Create | Villager (Male) |
| 5:58 | Create | Villager (Male) |
| 5:58 | Create | Villager (Male) |
| 5:58 | Create | Villager (Male) |
| 6:22 | Create | Villager (Male) |
| 6:40 | Build | House |
| 6:59 | Create | Villager (Male) |
| 6:59 | Create | Villager (Male) |
| 7:13 | Create | Villager (Male) |
| 7:14 | Create | Villager (Male) |
| 7:14 | Create | Villager (Male) |
| 7:14 | Create | Villager (Male) |
| 8:04 | Build | Mill |
| 8:08 | Create | Villager (Male) |
| 8:24 | Build | Palisade Wall |
| 8:28 | Build | Palisade Wall |
| 8:46 | Create | Villager (Male) |
| 9:01 | Research | Loom |
| 9:11 | Build | House |
| 9:34 | Research | Feudal Age |
| 9:53 | Build | Palisade Wall |
| 10:47 | Build | Barracks |
| 11:09 | Create | Villager (Male) |
| 11:09 | Create | Villager (Male) |
| 11:29 | Build | House |
| 11:34 | Create | Villager (Male) |
| 11:54 | Build | Palisade Wall |
| 11:55 | Build | Palisade Wall |
| 11:58 | Age | Feudal Age |
| 12:12 | Build | Archery Range |
| 12:20 | Create | Villager (Male) |
| 12:31 | Research | Double-Bit Axe |
| 12:37 | Build | House |
| 12:44 | Build | Palisade Wall |
| 12:56 | Create | Archer |
| 12:56 | Create | Archer |
| 12:58 | Build | House |
| 13:16 | Build | Palisade Gate |
| 13:18 | Build | Palisade Wall |
| 13:32 | Create | Archer |
| 13:38 | Create | Villager (Male) |
| 13:50 | Create | Villager (Male) |
| 13:52 | Create | Archer |
| 14:21 | Build | Stable |
| 14:23 | Create | Villager (Male) |
| 14:34 | Create | Archer |
| 14:50 | Create | Villager (Male) |
| 14:57 | Build | Mining Camp |
| 14:58 | Create | Scout Cavalry |
| 14:58 | Create | Scout Cavalry |
| 15:13 | Create | Archer |
| 15:16 | Create | Villager (Male) |
| 15:23 | Create | Scout Cavalry |
| 15:24 | Create | Villager (Male) |
| 15:28 | Build | House |
| 15:38 | Create | Archer |
| 15:56 | Build | House |
| 16:00 | Create | Archer |
| 16:08 | Create | Scout Cavalry |
| 16:21 | Create | Archer |
| 16:32 | Create | Villager (Male) |
| 16:33 | Create | Villager (Male) |
| 17:00 | Create | Scout Cavalry |
| 17:08 | Create | Villager (Male) |
| 17:08 | Create | Villager (Male) |
| 17:19 | Create | Archer |
| 17:19 | Create | Archer |
| 17:33 | Create | Villager (Male) |
| 17:33 | Create | Villager (Male) |
| 17:34 | Create | Archer |
| 17:34 | Create | Archer |
| 17:36 | Build | Archery Range |
| 17:43 | Create | Archer |
| 17:44 | Create | Archer |
| 17:47 | Create | Villager (Male) |
| 18:06 | Create | Villager (Male) |
| 18:18 | Create | Archer |
| 18:18 | Create | Archer |
| 18:31 | Create | Archer |
| 18:35 | Build | House |
| 18:41 | Create | Spearman |
| 18:43 | Create | Militia |
| 18:43 | Create | Militia |
| 18:46 | Create | Villager (Male) |
| 18:49 | Build | Farm |
| 18:50 | Build | Farm |
| 18:53 | Create | Archer |
| 18:53 | Create | Archer |
| 18:54 | Create | Archer |
| 18:56 | Create | Scout Cavalry |
| 19:06 | Build | House |
| 19:15 | Create | Archer |
| 19:15 | Create | Archer |
| 19:15 | Create | Archer |
| 19:25 | Build | House |
| 19:27 | Build | House |
| 19:33 | Create | Villager (Male) |
| 19:41 | Build | Watch Tower |
| 19:52 | Create | Scout Cavalry |
| 20:12 | Build | Farm |
| 20:12 | Build | Farm |
| 20:15 | Create | Villager (Male) |
| 20:23 | Create | Villager (Male) |
| 20:34 | Create | Villager (Male) |
| 20:55 | Create | Archer |
| 20:55 | Create | Archer |
| 20:58 | Create | Scout Cavalry |
| 21:09 | Create | Scout Cavalry |
| 21:09 | Create | Scout Cavalry |
| 21:17 | Create | Scout Cavalry |
| 21:17 | Create | Scout Cavalry |
| 21:21 | Build | Farm |
| 21:25 | Create | Villager (Male) |
| 21:26 | Build | Blacksmith |
| 21:38 | Create | Archer |
| 21:38 | Create | Archer |
| 21:39 | Create | Archer |
| 21:39 | Create | Archer |
| 21:44 | Build | Farm |
| 21:45 | Build | Farm |
| 22:18 | Research | Fletching |
| 22:19 | Research | Fletching |
| 22:19 | Create | Archer |
| 22:19 | Create | Archer |
| 22:31 | Create | Archer |
| 22:31 | Create | Archer |
| 22:32 | Create | Villager (Male) |
| 22:34 | Build | Farm |
| 22:37 | Build | Farm |
| 22:43 | Create | Villager (Male) |
| 23:20 | Create | Archer |
| 23:20 | Create | Archer |
| 23:49 | Create | Villager (Male) |
Build order — BombacıMülayim
112 actions detected in the replay
| 1:01 | Build | Town Center |
| 2:56 | Build | House |
| 3:03 | Create | Villager (Male) |
| 3:18 | Create | Villager (Male) |
| 3:32 | Create | Villager (Male) |
| 3:50 | Create | Villager (Male) |
| 4:17 | Create | Villager (Male) |
| 4:51 | Create | Villager (Male) |
| 5:04 | Build | Lumber Camp |
| 5:05 | Create | Villager (Male) |
| 5:45 | Build | House |
| 5:48 | Research | Loom |
| 5:54 | Create | Villager (Male) |
| 6:14 | Create | Villager (Male) |
| 6:37 | Create | Villager (Male) |
| 6:48 | Create | Villager (Male) |
| 7:07 | Create | Villager (Male) |
| 7:19 | Build | House |
| 7:41 | Create | Villager (Male) |
| 7:49 | Build | House |
| 8:29 | Create | Villager (Male) |
| 8:56 | Create | Villager (Male) |
| 9:24 | Create | Villager (Male) |
| 9:37 | Build | House |
| 9:38 | Build | Palisade Wall |
| 9:54 | Build | Mill |
| 10:03 | Build | Mill |
| 10:07 | Create | Villager (Male) |
| 10:28 | Create | Villager (Male) |
| 10:40 | Build | Palisade Wall |
| 10:52 | Create | Villager (Male) |
| 11:16 | Build | House |
| 11:22 | Research | Feudal Age |
| 11:59 | Build | Palisade Wall |
| 12:01 | Build | Palisade Wall |
| 12:21 | Build | Palisade Wall |
| 12:42 | Build | Palisade Wall |
| 12:42 | Build | Palisade Wall |
| 12:43 | Build | Palisade Wall |
| 13:00 | Build | Mining Camp |
| 13:04 | Build | Palisade Wall |
| 13:06 | Build | Palisade Wall |
| 13:07 | Build | Palisade Wall |
| 13:08 | Build | Palisade Wall |
| 13:09 | Build | Palisade Wall |
| 13:33 | Build | Palisade Wall |
| 13:34 | Age | Feudal Age |
| 13:36 | Create | Villager (Male) |
| 13:42 | Build | Market |
| 14:01 | Build | Palisade Wall |
| 14:03 | Create | Villager (Male) |
| 14:28 | Create | Villager (Male) |
| 14:41 | Build | Mining Camp |
| 14:49 | Build | Palisade Wall |
| 14:54 | Create | Villager (Male) |
| 15:16 | Build | Blacksmith |
| 15:20 | Create | Villager (Male) |
| 15:25 | Build | Palisade Wall |
| 15:28 | Build | Palisade Wall |
| 15:45 | Build | Palisade Wall |
| 15:51 | Build | House |
| 15:56 | Research | Castle Age |
| 15:56 | Research | Castle Age |
| 16:04 | Build | Palisade Wall |
| 17:00 | Research | Double-Bit Axe |
| 17:00 | Research | Double-Bit Axe |
| 17:25 | Create | Villager (Male) |
| 17:35 | Build | Palisade Wall |
| 17:36 | Build | House |
| 17:37 | Build | Palisade Wall |
| 17:38 | Build | Palisade Wall |
| 17:41 | Build | Palisade Wall |
| 17:43 | Build | Palisade Wall |
| 17:57 | Build | Palisade Wall |
| 17:58 | Build | Palisade Wall |
| 18:00 | Build | House |
| 18:02 | Build | Palisade Wall |
| 18:13 | Build | Palisade Wall |
| 18:36 | Age | Castle Age |
| 18:42 | Create | Villager (Male) |
| 18:45 | Create | Villager (Male) |
| 18:48 | Build | Castle |
| 19:22 | Build | House |
| 19:34 | Build | Palisade Wall |
| 19:37 | Build | Palisade Wall |
| 19:39 | Create | Villager (Male) |
| 19:51 | Build | Town Center |
| 20:09 | Create | Rattan Archer |
| 20:09 | Create | Rattan Archer |
| 20:15 | Create | Villager (Male) |
| 20:22 | Create | Rattan Archer |
| 20:56 | Build | Palisade Gate |
| 21:11 | Create | Villager (Male) |
| 21:26 | Create | Rattan Archer |
| 21:27 | Create | Rattan Archer |
| 22:11 | Create | Rattan Archer |
| 22:20 | Create | Rattan Archer |
| 22:30 | Build | House |
| 22:33 | Create | Villager (Male) |
| 22:33 | Create | Villager (Male) |
| 22:33 | Create | Villager (Male) |
| 22:40 | Create | Rattan Archer |
| 22:53 | Create | Villager (Male) |
| 22:55 | Build | House |
| 22:56 | Build | Palisade Gate |
| 23:26 | Build | Siege Workshop |
| 23:37 | Build | Farm |
| 23:51 | Build | Outpost |
| 24:03 | Create | Villager (Male) |
| 24:04 | Build | Farm |
| 24:09 | Create | Villager (Male) |
| 24:34 | Build | Farm |
Build order — 弟弟已经是彻底崩溃
100 actions detected in the replay
| 0:16 | Build | Town Center |
| 2:50 | Create | Villager (Male) ×4 |
| 2:51 | Create | Villager (Male) ×4 |
| 2:58 | Build | House |
| 4:08 | Create | Villager (Male) |
| 4:08 | Create | Villager (Male) |
| 4:50 | Create | Villager (Male) ×2 |
| 4:50 | Create | Villager (Male) ×2 |
| 5:00 | Build | House |
| 5:06 | Create | Villager (Male) |
| 5:06 | Create | Villager (Male) |
| 5:34 | Build | Lumber Camp |
| 5:45 | Create | Villager (Male) |
| 5:45 | Create | Villager (Male) |
| 6:02 | Create | Villager (Male) |
| 6:02 | Create | Villager (Male) |
| 6:16 | Create | Villager (Male) |
| 6:30 | Create | Villager (Male) |
| 6:44 | Create | Villager (Male) |
| 7:05 | Build | Mill |
| 7:16 | Create | Villager (Male) |
| 7:16 | Create | Villager (Male) |
| 7:21 | Build | House |
| 7:35 | Build | House |
| 7:45 | Create | Villager (Male) |
| 7:52 | Build | House |
| 8:20 | Build | House |
| 8:29 | Create | Villager (Male) |
| 9:28 | Create | Villager (Male) |
| 9:29 | Create | Villager (Male) |
| 9:44 | Build | Mill |
| 10:01 | Create | Villager (Male) |
| 10:31 | Build | Mining Camp |
| 10:35 | Create | Villager (Male) |
| 10:36 | Research | Loom |
| 11:09 | Research | Feudal Age |
| 11:09 | Research | Feudal Age |
| 11:35 | Create | Villager (Male) |
| 11:35 | Create | Villager (Male) |
| 12:23 | Build | Barracks |
| 13:46 | Age | Feudal Age |
| 13:47 | Build | Market |
| 13:53 | Build | Blacksmith |
| 14:07 | Research | Double-Bit Axe |
| 14:07 | Research | Double-Bit Axe |
| 14:38 | Research | Castle Age |
| 15:03 | Research | Horse Collar |
| 15:03 | Research | Horse Collar |
| 15:42 | Build | Stable |
| 15:57 | Build | Farm |
| 16:23 | Create | Villager (Male) |
| 16:26 | Create | Scout Cavalry |
| 16:32 | Build | Farm |
| 16:38 | Build | Farm |
| 16:41 | Create | Villager (Male) |
| 17:03 | Create | Villager (Male) |
| 17:11 | Build | House |
| 17:12 | Build | House |
| 17:18 | Age | Castle Age |
| 17:19 | Create | Knight |
| 17:21 | Create | Villager (Male) |
| 17:33 | Build | Town Center |
| 17:40 | Create | Knight |
| 18:00 | Create | Villager (Male) |
| 18:05 | Create | Knight |
| 18:25 | Create | Knight |
| 18:56 | Create | Villager (Male) |
| 19:05 | Build | Siege Workshop |
| 19:12 | Create | Villager (Male) |
| 19:16 | Build | Farm |
| 19:17 | Build | Farm |
| 19:17 | Build | Farm |
| 19:20 | Build | Farm |
| 19:23 | Create | Villager (Male) |
| 19:24 | Create | Villager (Male) |
| 19:49 | Create | Villager (Male) |
| 19:54 | Build | Mill |
| 20:01 | Create | Battering Ram |
| 20:07 | Build | House |
| 20:13 | Create | Villager (Male) ×2 |
| 20:24 | Research | Scale Barding Armor |
| 20:51 | Create | Battering Ram |
| 20:54 | Create | Villager (Male) |
| 21:13 | Create | Mangonel |
| 21:24 | Create | Villager (Male) |
| 21:27 | Create | Villager (Male) |
| 21:38 | Create | Knight |
| 21:51 | Create | Villager (Male) |
| 21:51 | Create | Villager (Male) |
| 21:55 | Build | Town Center |
| 22:10 | Create | Villager (Male) |
| 22:10 | Create | Villager (Male) |
| 22:18 | Build | House |
| 22:19 | Build | House |
| 22:26 | Create | Villager (Male) |
| 22:35 | Create | Villager (Male) ×4 |
| 22:46 | Build | Town Center |
| 23:02 | Create | Villager (Male) ×2 |
| 23:27 | Create | Villager (Male) |
| 23:38 | Create | Villager (Male) ×2 |
Match timeline
| 3:51 | 体育牲 · wall_segment Palisade Wall x1 |
| 4:03 | 体育牲 · wall_segment Palisade Wall x1 |
| 5:37 | 体育牲 · wall_segment Palisade Wall x2 |
| 5:40 | 体育牲 · wall_segment Palisade Wall x5 |
| 6:18 | 体育牲 · wall_segment Palisade Wall x8 |
| 7:01 | 体育牲 · wall_segment Palisade Wall x1 |
| 7:01 | BSL | Dr.Kozmonot · first_building Dock |
| 7:32 | 体育牲 · wall_segment Palisade Wall x6 |
| 8:02 | 体育牲 · wall_segment Palisade Wall x1 |
| 8:16 | rono · first_building Barracks |
| 8:24 | Zni.Chaos · wall_segment Palisade Wall x6 |
| 8:28 | Zni.Chaos · wall_segment Palisade Wall x1 |
| 9:17 | BSL | Dr.Kozmonot · wall_segment Palisade Wall x1 |
| 9:38 | BombacıMülayim · wall_segment Palisade Wall x3 |
| 9:52 | ツ Xuma · first_building Barracks |
| 9:53 | Zni.Chaos · wall_segment Palisade Wall x5 |
| 9:54 | BSL | Dr.Kozmonot · wall_segment Palisade Wall x1 |
| 10:25 | 体育牲 · wall_segment Palisade Wall x7 |
| 10:40 | BombacıMülayim · wall_segment Palisade Wall x4 |
| 10:47 | Zni.Chaos · first_building Barracks |
| 11:04 | ツ Xuma · wall_segment Palisade Wall x12 |
| 11:40 | 体育牲 · wall_segment Palisade Wall x5 |
| 11:47 | rono · age_up feudal |
| 11:52 | rono · first_building Archery Range |
| 11:54 | Zni.Chaos · wall_segment Palisade Wall x1 |
| 11:55 | Zni.Chaos · wall_segment Palisade Wall x1 |
| 11:58 | Zni.Chaos · age_up feudal |
| 11:59 | BombacıMülayim · wall_segment Palisade Wall x1 |
| 12:01 | BombacıMülayim · wall_segment Palisade Wall x1 |
| 12:12 | Zni.Chaos · first_building Archery Range |
| 12:21 | BombacıMülayim · wall_segment Palisade Wall x1 |
| 12:23 | 弟弟已经是彻底崩溃 · first_building Barracks |
| 12:42 | BombacıMülayim · wall_segment Palisade Wall x1 |
| 12:42 | BombacıMülayim · wall_segment Palisade Wall x1 |
| 12:43 | BombacıMülayim · wall_segment Palisade Wall x1 |
| 12:44 | Zni.Chaos · wall_segment Palisade Wall x1 |
| 12:49 | BSL | Dr.Kozmonot · wall_segment Palisade Wall x7 |
| 12:50 | BSL | Dr.Kozmonot · wall_segment Palisade Wall x1 |
| 13:04 | BombacıMülayim · wall_segment Palisade Wall x1 |
| 13:06 | BombacıMülayim · wall_segment Palisade Wall x1 |
| 13:07 | BombacıMülayim · wall_segment Palisade Wall x1 |
| 13:08 | BombacıMülayim · wall_segment Palisade Wall x1 |
| 13:09 | BombacıMülayim · wall_segment Palisade Wall x1 |
| 13:15 | BSL | Dr.Kozmonot · wall_segment Palisade Wall x1 |
| 13:17 | BSL | Dr.Kozmonot · first_building Barracks |
| 13:18 | Zni.Chaos · wall_segment Palisade Wall x2 |
| 13:19 | ツ Xuma · age_up feudal |
| 13:21 | 体育牲 · age_up feudal |
| 13:23 | ツ Xuma · first_building Archery Range |
| 13:33 | BombacıMülayim · wall_segment Palisade Wall x1 |
| 13:34 | BombacıMülayim · age_up feudal |
| 13:46 | 弟弟已经是彻底崩溃 · age_up feudal |
| 14:01 | BombacıMülayim · wall_segment Palisade Wall x1 |
| 14:21 | Zni.Chaos · first_building Stable |
| 14:26 | BSL | Dr.Kozmonot · wall_segment Palisade Wall x1 |
| 14:26 | BSL | Dr.Kozmonot · wall_segment Palisade Wall x1 |
| 14:44 | BSL | Dr.Kozmonot · wall_segment Palisade Wall x1 |
| 14:44 | BSL | Dr.Kozmonot · wall_segment Palisade Wall x1 |
| 14:48 | BSL | Dr.Kozmonot · age_up feudal |
| 14:48 | Fish · age_up feudal |
| 14:49 | BombacıMülayim · wall_segment Palisade Wall x1 |
| 14:52 | BSL | Dr.Kozmonot · first_building Stable |
| 15:22 | ツ Xuma · wall_segment Palisade Wall x7 |
| 15:25 | BombacıMülayim · wall_segment Palisade Wall x1 |
| 15:26 | BSL | Dr.Kozmonot · wall_segment Palisade Wall x1 |
| 15:28 | BombacıMülayim · wall_segment Palisade Wall x1 |
| 15:42 | 弟弟已经是彻底崩溃 · first_building Stable |
| 15:45 | BombacıMülayim · wall_segment Palisade Wall x4 |
| 16:04 | BombacıMülayim · wall_segment Palisade Wall x1 |
| 16:37 | ツ Xuma · wall_segment Palisade Wall x1 |
| 16:51 | 体育牲 · age_up castle |
| 16:54 | 体育牲 · first_building Siege Workshop |
| 17:01 | ツ Xuma · age_up castle |
| 17:18 | 弟弟已经是彻底崩溃 · age_up castle |
| 17:35 | BombacıMülayim · wall_segment Palisade Wall x1 |
| 17:37 | BombacıMülayim · wall_segment Palisade Wall x1 |
| 17:38 | BombacıMülayim · wall_segment Palisade Wall x1 |
| 17:41 | BombacıMülayim · wall_segment Palisade Wall x1 |
| 17:43 | BombacıMülayim · wall_segment Palisade Wall x1 |
| 17:57 | BombacıMülayim · wall_segment Palisade Wall x1 |
| 17:58 | BombacıMülayim · wall_segment Palisade Wall x1 |
| 18:02 | BombacıMülayim · wall_segment Palisade Wall x1 |
| 18:03 | Fish · age_up castle |
| 18:05 | 体育牲 · first_building Monastery |
| 18:13 | BombacıMülayim · wall_segment Palisade Wall x1 |
| 18:22 | Fish · first_market_buy 100 wood |
| 18:36 | BombacıMülayim · age_up castle |
| 18:43 | BSL | Dr.Kozmonot · age_up castle |
| 18:43 | BombacıMülayim · first_market_buy 100 stone |
| 18:48 | BombacıMülayim · first_building Castle |
| 19:01 | BSL | Dr.Kozmonot · first_building Monastery |
| 19:05 | 弟弟已经是彻底崩溃 · first_building Siege Workshop |
| 19:28 | 体育牲 · wall_segment Palisade Wall x1 |
| 19:30 | 体育牲 · wall_segment Palisade Wall x1 |
| 19:31 | 体育牲 · wall_segment Palisade Wall x1 |
| 19:32 | 体育牲 · wall_segment Palisade Wall x1 |
| 19:34 | BombacıMülayim · wall_segment Palisade Wall x1 |
| 19:37 | BombacıMülayim · wall_segment Palisade Wall x1 |
| 19:40 | 体育牲 · wall_segment Palisade Wall x1 |
| 19:59 | 弟弟已经是彻底崩溃 · first_market_buy 100 wood |
| 22:04 | 体育牲 · wall_segment Palisade Wall x1 |
| 22:52 | Fish · first_building Castle |
| 23:08 | BSL | Dr.Kozmonot · first_building Siege Workshop |
| 23:12 | rono · age_up castle |
| 23:23 | Fish · first_building Siege Workshop |
| 23:26 | BombacıMülayim · first_building Siege Workshop |
| 23:48 | 弟弟已经是彻底崩溃 · resign |
| 24:45 | ツ Xuma · first_building Stable |
[ AI ANALYSIS · 1 CREDIT ]
What really happened in this match?
Wolo.gg analyzes every decision: build order, eco, micro, common mistakes by bracket. Personalized analysis on WhatsApp or Discord in 30 seconds.
Civ guide
Bulgarians
Perfil
Jugador #17194883